 Dungeon Crawl Stone Soup version 0.22.0-38-g04b72b8 (webtiles) character file.

4667 chorionicmirror the Fighter (level 10, 0/120 HPs)
             Began as a Demonspawn Fighter on Aug 27, 2018.
             Was a Priest of Makhleb.
             Killed by divine providence
             ... invoked by an orc priest
              (13 damage)
             ... on level 8 of the Dungeon.
             The game lasted 00:30:59 (6175 turns).

chorionicmirror the Fighter (Demonspawn Fighter)    Turns: 6175, Time: 00:31:00

Health: 0/120      AC: 25    Str: 20    XL:     10   Next: 20%
Magic:  12/12      EV:  2    Int: 10    God:    Makhleb [***...]
Gold:   422        SH: 11    Dex: 12    Spells: 9/9 levels left

rFire    + . .     SeeInvis .   r - +3 long sword
rCold    . . .     Gourm    +   c - +0 shield
rNeg     + + +     Faith    .   (armour currently unavailable)
rPois    +         Spirit   .   (helmet currently unavailable)
rElec    .         Reflect  .   (cloak currently unavailable)
rCorr    .         Harm     .   (gloves currently unavailable)
MR       .....     NoTele   +   (boots currently unavailable)
Stlth    ..........             z - amulet of the gourmand
HPRegen  0.30/turn              p - ring of attention (curse)
MPRegen  0.13/turn              n - ring of protection from fire

@: tree-form, hasted, very quick
A: powered by death 1
a: Minor Destruction, Lesser Servant of Makhleb, Renounce Religion


You were on level 8 of the Dungeon.
You worshipped Makhleb.
Makhleb was most pleased with you.
You were completely stuffed.
You were a tree.
You visited 2 branches of the dungeon, and saw 9 of its levels.

You collected 422 gold pieces.

Inventory:

Hand Weapons
 r - a +3 long sword (weapon)
Missiles
 i - 123 arrows
 u - 4 silver tomahawks (quivered)
 v - 21 bolts
 w - 3 throwing nets
 x - 16 sling bullets
Armour
 c - a +0 shield (worn)
 e - a +0 ring mail (melded)
Magical Staves
 A - an uncursed staff of death {unknown}
Jewellery
 a - an uncursed ring of stealth {unknown}
 m - an uncursed ring of wizardry
 n - a ring of protection from fire (right branch)
 p - a cursed ring of attention (left branch)
 z - an amulet of the gourmand (around neck)
Wands
 b - a wand of paralysis (13)
 d - a wand of scattershot (3)
 g - a wand of flame (19)
 q - a wand of digging (7)
Scrolls
 l - a scroll of magic mapping
 o - 2 scrolls of fog
 s - 2 scrolls of amnesia
 y - a scroll of teleportation
Potions
 j - a potion of haste
Comestibles
 f - 7 rations
 t - 5 chunks of flesh


   Skills:
 + Level 8.1 Fighting
 + Level 7.0 Long Blades
 + Level 7.3 Armour
 + Level 7.3 Shields
 * Level 2.9 Invocations


You had 9 spell levels left.
You didn't know any spells.
Your spell library was empty.

Dungeon Overview and Level Annotations

Branches:
Dungeon (8/15)             Temple (1/1) D:4
   Lair: D:8-11

Altars:
Ashenzari
Cheibriados
Dithmenos
Elyvilon
Fedhas
Gozag
Hepliaklqana
Kikubaaqudgha
Makhleb
Nemelex Xobeh
Okawaru
Qazlal
Sif Muna
Trog
Vehumet
Wu Jian
Xom
Zin
The Shining One


Innate Abilities, Weirdness & Mutations

((You have a pair of horns on your head.))
((You are mostly covered in slimy green scales. (AC +3)))
You regenerate a little health from kills.
((You are partially covered in sharp spines.))
((You have sharp toenails.))
((Armour fits poorly on your strangely shaped body.))
((You are resistant to electric shocks. (rElec)))


Message History

You block the orc warrior's attack.
You barely miss the orc warrior.
The orc warrior is severely wounded.
The orc warrior hits you with a glaive!
* * * LOW HITPOINT WARNING * * *
The orc warrior hits you with a war axe.
* * * LOW HITPOINT WARNING * * *
You feel better.
You barely miss the orc warrior.
The orc warrior is severely wounded.
The orc warrior hits you with a glaive!
* * * LOW HITPOINT WARNING * * *
The orc warrior hits you but does no damage.
You feel better. The orc warrior hits you with a glaive!
* * * LOW HITPOINT WARNING * * *
You feel better.
The orc warrior hits you but does no damage.
The orc priest calls down the wrath of Beogh upon you.
Beogh smites you!
You die...

# #.. #.######## # #.#
#.#......# # #####.#
#.)>.....##
########.....####.)).......
..................#).$...##
######.############).....#
.###[..# ###..#####
..##.### ###)).## #....#
#o♣.### ..#.## #o### ###...


ooo # ####.. ..ooo # ###....oo # #...... # #...... # ####### . You could see 2
orc warriors, an orc priest and 7 orcs.

Vanquished Creatures
  Harold (D:7)
  The ghost of EnegeticOcto the Chopper, a novice HOFi (D:4)
  Grinder (D:5)
  Sigmund (D:6)
  A wyvern (D:8)
  A hungry ghost (D:7)
  Menkaure (D:7)
  The ghost of bmj180 the Firebug, an amateur DEFE (D:3)
  Duvessa (D:4)
  5 orc warriors
  A black bear (D:7)
  An ice beast (D:8)
  2 phantoms
  3 ogres
  A centaur (D:7)
  Dowan (D:4)
  A scorpion (D:4)
  A water moccasin skeleton (D:7)
  5 wights (D:7)
  2 howler monkeys (D:6)
  4 crimson imps
  2 orc priests
  2 centaur skeletons
  4 hounds
  3 orc wizards
  2 iguanas
  10 worker ants
  A killer bee zombie (D:8)
  A hound skeleton (D:4)
  2 worker ant zombies (D:6)
  11 adders
  3 shadow imps
  2 oozes
  3 adder skeletons
  3 worms
  3 dart slugs (D:1)
  A leopard gecko (D:4)
  50 orcs
  2 giant cockroaches
  7 goblins
  11 hobgoblins
  11 jackals
  2 quokkas
  A ball python (D:1)
  6 bats
  7 frilled lizards
  5 kobolds
  2 leopard gecko skeletons (D:4)
  A quokka skeleton (D:7)
  8 rats
202 creatures vanquished.

Notes
Turn   | Place    | Note
-------+----------+-------------------------------------------
     0 | D:1      | chorionicmirror the Demonspawn Fighter began the quest for the Orb.
     0 | D:1      | Reached XP level 1. HP: 18/18 MP: 1/1
    37 | D:1      | Gained mutation: You are partially covered in sharp spines. [demonic ancestry]
    37 | D:1      | Reached XP level 2. HP: 23/24 MP: 2/2
   349 | D:1      | Gained mutation: You are partially covered in slimy green scales. (AC +2) [demonic ancestry]
   349 | D:1      | Reached XP level 3. HP: 17/29 MP: 3/3
  1218 | D:3      | Reached XP level 4. HP: 25/36 MP: 4/4
  1326 | D:3      | Found a deep blue altar of Sif Muna.
  1376 | D:3      | Found an ornate altar of the Wu Jian Council.
  1440 | D:3      | Reached XP level 5. HP: 23/42 MP: 5/5
  1464 | D:3      | Found a runed gate.
  1464 | D:3      | Found a runed gate.
  1468 | D:3      | Noticed bmj180's ghost (amateur DEFE)
  1469 | D:3      | Found a runed gate.
  1635 | D:3      | Killed bmj180's ghost
  1635 | D:3      | Reached skill level 4 in Fighting
  2044 | D:4      | Gained mutation: You have a pair of small horns on your head. [demonic ancestry]
  2044 | D:4      | Reached XP level 6. HP: 48/48 MP: 6/6
  2080 | D:4      | Noticed Duvessa
  2081 | D:4      | Noticed Dowan
  2104 | D:4      | Killed Duvessa
  2129 | D:4      | Killed Dowan
  2185 | D:4      | Found a staircase to the Ecumenical Temple.
  2192 | Temple   | Entered the Ecumenical Temple
  2446 | Temple   | Became a worshipper of Makhleb the Destroyer
  2484 | D:4      | Found a shadowy altar of Dithmenos.
  2580 | D:4      | Found a snail-covered altar of Cheibriados.
  2587 | D:4      | Gained mutation: You have a pair of horns on your head. [demonic ancestry]
  2587 | D:4      | Reached XP level 7. HP: 55/55 MP: 7/7
  2934 | D:4      | Found a runed gate.
  2937 | D:4      | Found an opulent altar of Gozag.
  2939 | D:4      | Found a runed gate.
  2939 | D:4      | Found a runed gate.
  2939 | D:4      | Noticed EnegeticOcto's ghost (novice HOFi)
  3005 | D:5      | Entered Level 5 of the Dungeon
  3265 | D:5      | Noticed Grinder
  3281 | D:5      | Killed Grinder
  3281 | D:5      | Reached skill level 5 in Fighting
  3517 | D:5      | Reached skill level 5 in Armour
  3812 | D:6      | Reached skill level 5 in Shields
  3817 | D:6      | Gained mutation: You regenerate a little health from kills. [demonic ancestry]
  3817 | D:6      | Reached XP level 8. HP: 63/63 MP: 8/8
  4072 | D:6      | Reached * piety under Makhleb
  4131 | D:6      | Reached skill level 6 in Fighting
  4234 | D:6      | Noticed Sigmund
  4239 | D:6      | Killed Sigmund
  4239 | D:6      | Reached skill level 5 in Long Blades
  4400 | D:6      | Found an iron altar of Okawaru.
  4536 | D:6      | Gained mutation: You have sharp toenails. [potion of mutation]
  4536 | D:6      | Gained mutation: Armour fits poorly on your strangely shaped body. [potion of mutation]
  4536 | D:6      | Gained mutation: You are resistant to electric shocks. (rElec) [potion of mutation]
  4598 | D:7      | Gained mutation: You are mostly covered in slimy green scales. (AC +3) [demonic ancestry]
  4598 | D:7      | Reached XP level 9. HP: 71/71 MP: 9/9
  4689 | D:7      | Reached ** piety under Makhleb
  4789 | D:7      | Noticed Menkaure
  4794 | D:7      | Killed Menkaure
  4794 | D:7      | Reached skill level 7 in Fighting
  5132 | D:7      | Noticed Harold
  5159 | D:7      | Killed Harold
  5687 | D:4      | Killed EnegeticOcto's ghost
  5687 | D:4      | Reached XP level 10. HP: 31/80 MP: 10/10
  6000 | D:8      | Reached skill level 8 in Fighting
  6015 | D:8      | Reached skill level 1 in Invocations
  6020 | D:8      | Reached *** piety under Makhleb
  6173 | D:8      | HP: 5/120 [orc warrior/glaive (10)]
  6175 | D:8      | Killed from afar by an orc priest

Skill      XL: |  1  2  3  4  5  6  7  8  9 10 |
---------------+-------------------------------+-----
Long Blades    | 2 3 4 5 6 7 |  7.0
Shields        | 3 4 5 6 7 |  7.3
Armour         | 3 4 5 6 7 |  7.3
Fighting       | 4 5 6 7 8 |  8.1
Invocations    | 2 |  2.9

Action                   |  1- 3 |  4- 6 |  7- 9 | 10-12 || total
-------------------------+-------+-------+-------+-------++-------
Melee: Long sword        |    87 |   117 |   290 |    70 ||   564
       Headbutt          |       |     8 |    60 |    16 ||    84
       Kick              |       |       |    35 |    23 ||    58
Throw: Tomahawk          |       |       |     5 |       ||     5
  Use: Scroll            |     2 |     2 |     7 |       ||    11
       Potion            |       |     3 |     5 |     6 ||    14
  Eat: Chunk             |     1 |     5 |     5 |     7 ||    18
       Ration            |       |       |     3 |       ||     3
Armor: Scale mail        |     7 |       |       |       ||     7
       Ring mail         |    23 |    34 |    86 |     4 ||   147
       Skin              |       |       |     9 |     7 ||    16
Dodge: Dodged            |    21 |    37 |    75 |    12 ||   145
Block: Shield            |    36 |    62 |   145 |    33 ||   276
       Rpst.: Long sword |     6 |    13 |    16 |     6 ||    41
